 Seeded DCSS version 0.31-a0-507-gbafd7f5274 (webtiles) character file.

Game seed: 11267003436938285035 (custom seed)

3656 innerfire43 the Martial Artist (level 10, 0/76 HPs)
             Began as a Gnoll Shapeshifter on Aug 9, 2023.
             Killed from afar by an acid dragon (21 damage)
             ... with a splash of acid
             ... on level 6 of the Dungeon.
             The game lasted 00:06:17 (6141 turns).

innerfire43 the Martial Artist (Gnoll Shapeshifter) Turns: 6141, Time: 00:06:17

Health: 0/76       AC: 10    Str: 14    XL:     10   Next: 12%
Magic:  17/17      EV: 14    Int: 12    God:
Gold:   335        SH:  0    Dex: 16    Spells: 17/19 levels left

rFire   . .          .
                       - Unarmed
rCold   . . .        (shield currently unavailable)
rNeg    . . .        v - +4 ring mail of Context {Int+3}
rPois   .            (no helmet)
rElec   .            (no cloak)
rCorr   .            (no gloves)
SInv    .            (no boots)
Will    .....        h - amulet of the acrobat
Stlth   +            e - +4 ring of protection
HPRegen 0.32/turn    (no ring)
MPRegen 0.15/turn

%: acrobat
@: flux-form, corroded, glowing
A: glow, contaminating, fangs 1, strong nose, distributed training
a: Begin Untransformation


You were on level 6 of the Dungeon.
You were something dangerously unstable.
You visited 2 branches of the dungeon, and saw 8 of its levels.

You collected 335 gold pieces.

Inventory:

Armour
 a - a +0 animal skin
 v - the +4 ring mail of Context (worn) {Int+3}
   (You found it on level 3 of the Dungeon)

   Int+3:     It affects your intelligence (+3).
 x - a +0 cloak
 A - a +0 troll leather armour
Jewellery
 e - a +4 ring of protection (left hand)
 h - an amulet of the acrobat (around neck)
Talismans
 c - a beast talisman
 d - a flux talisman (active)
Wands
 y - a wand of acid (5)
 B - a wand of charming (11)
 E - a wand of digging (1)
Scrolls
 g - a scroll of torment {unknown}
 i - 4 scrolls of enchant armour {unknown}
 l - 3 scrolls of enchant weapon {unknown}
 n - a scroll of amnesia {unknown}
 p - 3 scrolls of blinking {unknown}
 q - 4 scrolls of teleportation {unknown}
 r - 8 scrolls of identify {unknown}
 s - a scroll of butterflies {unknown}
 w - 2 scrolls of poison {unknown}
Potions
 b - 2 potions of lignification
 f - 3 potions of brilliance {unknown}
 j - a potion of invisibility {unknown}
 k - 2 potions of curing {unknown}
 m - a potion of heal wounds {unknown}
 o - a potion of enlightenment {unknown}
 t - a potion of haste {unknown}
 u - a potion of attraction {unknown}
 z - 2 potions of degeneration {unknown}
 C - a potion of berserk rage {unknown}
 D - a potion of might {unknown}


   Skills:
 + Level 5.7 Fighting
 + Level 5.0 Short Blades
 + Level 5.0 Long Blades
 + Level 5.0 Axes
 + Level 5.0 Maces & Flails
 + Level 5.0 Polearms
 + Level 5.0 Staves
 + Level 5.0 Ranged Weapons
 + Level 5.0 Throwing
 + Level 5.0 Armour
 + Level 6.9 Dodging
 + Level 5.0 Stealth
 + Level 5.0 Shields
 + Level 8.4 Unarmed Combat
 + Level 5.0 Spellcasting
 + Level 4.2 Conjurations
 + Level 4.2 Hexes
 + Level 4.2 Summonings
 + Level 4.2 Necromancy
 + Level 4.2 Translocations
 + Level 4.2 Transmutations
 + Level 4.2 Fire Magic
 + Level 4.2 Ice Magic
 + Level 4.2 Air Magic
 + Level 4.2 Earth Magic
 + Level 4.2 Poison Magic
 + Level 5.5 Invocations
 + Level 5.0 Evocations
 + Level 7.8 Shapeshifting


You had 17 spell levels left.
You knew the following spells:

 Your Spells              Type           Power      Damage    Failure   Level
a - Blink                 Tloc           26%        N/A       11%         2

Your spell library contained the following spells:

 Spells                   Type           Power      Damage    Failure   Level
 Apportation              Tloc           26%        N/A       7%          1
 Necrotise                Necr           52%        1d6       7%          1
 Shock                    Conj/Air       52%        1d6       7%          1
 Summon Small Mammal      Summ           52%        N/A       7%          1
 Ensorcelled Hibernation  Hex/Ice        26%        N/A       11%         2
 Lesser Beckoning         Tloc           26%        N/A       11%         2
 Momentum Strike          Conj/Tloc      26%        3d8       11%         2
 Passwall                 Tmut/Erth      10%        N/A       11%         2
 Swiftness                Air            13%        N/A       21%         3
 Airstrike                Air            6%         2d(1-17)  56%         4
 Alistair's Intoxication  Tmut/Pois      8%         N/A       88%         5


Dungeon Overview and Level Annotations

Branches:
Dungeon (7/15)             Temple (1/1) D:4

Altars:
Elyvilon
Fedhas
Gozag
Hepliaklqana
Kikubaaqudgha
Makhleb
Nemelex Xobeh
Ru
Sif Muna
Trog
Uskayaw
Vehumet
Xom
Yredelemnul
Zin
The Shining One


Innate Abilities, Weirdness & Mutations

You are something dangerously unstable.
You glow with magical radiation, making you easy to see and hit.
Foes you strike become dangerously contaminated with magical radiation.
You are incapable of wielding weapons or throwing items.
You have very sharp teeth.
Your uncanny sense of smell can sniff out nearby items.
Your experience applies equally to all skills.


Message History

Your life force feels restored.
Things that are here:
a +3 battleaxe; a +0 robe
Items here: ) [[ †.
A - a +0 troll leather armour
There is a stone staircase leading down, spattered with blood here.
HP restored.
Done exploring.
You climb downwards.
The centaur shoots an arrow.
The arrow hits you. The wight hits you but does no damage.
The acid dragon spits acid at you. The splash of acid hits you!!
The acid corrodes you!
The centaur shoots an arrow.
The arrow barely misses you.
The orc throws a boomerang.
The boomerang closely misses you. The wight completely misses you.
There is a stone staircase leading up, spattered with blood here.
The centaur shoots an arrow.
The arrow completely misses you. The wight misses you.
The wight attacks as you move away! The wight closely misses you.
The centaur shoots an arrow.
The arrow closely misses you.
The shadow slips into darkness.
The shadow flickers and vanishes!
Deactivating autopickup; reactivate with Ctrl-A.
The wight completely misses you.
The orc throws a boomerang.
The boomerang closely misses you.
There is a stone staircase leading up, spattered with blood here.
The wight barely misses you. The acid dragon spits acid at you.
The splash of acid hits you!!
* * * LOW HITPOINT WARNING * * *
You climb upwards.
Reactivating autopickup.
There is a stone staircase leading down, spattered with blood here.
You hit the acid dragon.
The acid dragon begins to glow.
The acid dragon is lightly wounded.
You barely miss the acid dragon.
The acid dragon is lightly wounded.
The acid dragon spits acid at you. The splash of acid hits you!!
You die...

......#.####..#..# #....#.##...#
......#.# #..#..####............
......#.#####.#..................
............#.##..###....#.##.###
##.####.###.#.....# #....#.##.###
..............#...# #..#.#.##....
##.####.###.###...###..#.#.#####.
........# #.# #D[......#.#......<
........# #.# ##B[##...#.........
........# #.# #[................
##.########.####..##...#.........
..............##...........#####.
.................................
...########.#..............#####.
##.########.#.##...#...#...#####.
.........##.#.##.................
##.#####.##.#.##...........####..


You could see an acid dragon (contam, catching breath).

Vanquished Creatures
  A two-headed ogre (D:7)
  A troll (D:6)
  Prince Ribbit (D:6)
  Grinder (D:5)
  A vampire (D:7)
  A wyvern (D:7)
  A vampire mosquito (D:7)
  A steam dragon (D:6)
  2 water moccasins
  An orc warrior (D:6)
  A sky beast (D:6)
  A black bear (D:6)
  2 centaurs
  A bullfrog (D:6)
  4 scorpions
  4 wights
  A howler monkey (D:6)
  6 hounds
  An orc priest (D:3)
  2 gnoll boudas (D:6)
  A jelly (D:5)
  3 iguanas
  4 sleepcaps
  An orc wizard (D:3)
  9 gnolls
  4 adders
  3 white imps
  2 worms
  3 dart slugs
  16 orcs
  6 ball pythons
  3 bats
  7 endoplasms
  3 giant cockroaches
  2 goblins
  7 hobgoblins
  2 jackals (D:1)
  5 kobolds
  2 quokkas
  5 frilled lizards
  5 rats
127 creatures vanquished.

Notes
Turn   | Place    | Note
-------+----------+-------------------------------------------
     0 | D:1      | innerfire43 the Gnoll Shapeshifter began the quest for the
                  | Orb.
     0 | D:1      | Reached XP level 1. HP: 17/17 MP: 1/1
    39 | D:1      | Reached XP level 2. HP: 20/23 MP: 2/2
   295 | D:1      | Reached XP level 3. HP: 28/28 MP: 3/3
   839 | D:2      | Reached skill level 1 in Invocations
   942 | D:2      | Reached skill level 1 in Short Blades
   942 | D:2      | Reached skill level 1 in Long Blades
   942 | D:2      | Reached skill level 1 in Axes
   942 | D:2      | Reached skill level 1 in Maces & Flails
   942 | D:2      | Reached skill level 1 in Polearms
   942 | D:2      | Reached skill level 1 in Staves
   942 | D:2      | Reached skill level 1 in Ranged Weapons
   942 | D:2      | Reached skill level 1 in Throwing
   942 | D:2      | Reached skill level 1 in Armour
   942 | D:2      | Reached skill level 1 in Stealth
   942 | D:2      | Reached skill level 1 in Shields
   942 | D:2      | Reached skill level 1 in Spellcasting
   942 | D:2      | Reached skill level 1 in Evocations
  1683 | D:3      | Reached XP level 4. HP: 31/34 MP: 5/5
  1838 | D:3      | Reached skill level 1 in Conjurations
  1838 | D:3      | Reached skill level 1 in Hexes
  1838 | D:3      | Reached skill level 1 in Summonings
  1838 | D:3      | Reached skill level 1 in Necromancy
  1838 | D:3      | Reached skill level 1 in Translocations
  1838 | D:3      | Reached skill level 1 in Transmutations
  1838 | D:3      | Reached skill level 1 in Fire Magic
  1838 | D:3      | Reached skill level 1 in Ice Magic
  1838 | D:3      | Reached skill level 1 in Air Magic
  1838 | D:3      | Reached skill level 1 in Earth Magic
  1838 | D:3      | Reached skill level 1 in Poison Magic
  1912 | D:3      | Reached XP level 5. HP: 17/40 MP: 5/7
  2447 | D:3      | Identified the +4 ring mail of Context {Int+3}
  2678 | D:4      | Reached XP level 6. HP: 47/47 MP: 8/8
  2711 | D:4      | Found a hazy altar of Hepliaklqana.
  2755 | D:4      | Reached skill level 5 in Dodging
  2771 | D:4      | Found a staircase to the Ecumenical Temple.
  2880 | D:4      | Found a bloodstained altar of Trog.
  3156 | Temple   | Entered the Ecumenical Temple
  3170 | D:5      | Entered Level 5 of the Dungeon
  3174 | D:5      | Noticed Grinder
  3176 | D:5      | Found an ancient bone altar of Kikubaaqudgha.
  3184 | D:5      | Killed Grinder
  3185 | D:5      | Reached skill level 7 in Unarmed Combat
  3185 | D:5      | Reached XP level 7. HP: 45/52 MP: 10/10
  4050 | D:5      | Reached XP level 8. HP: 60/60 MP: 12/12
  4105 | D:5      | Learned a level 2 spell: Blink
  4333 | D:6      | Noticed Prince Ribbit
  4355 | D:6      | Killed Prince Ribbit
  4700 | D:6      | Reached XP level 9. HP: 47/66 MP: 14/14
  5437 | D:7      | Reached skill level 5 in Fighting
  5610 | D:7      | Noticed a two-headed ogre
  5614 | D:7      | Killed a two-headed ogre
  5614 | D:7      | Noticed a troll
  5615 | D:7      | Reached skill level 8 in Unarmed Combat
  5615 | D:7      | Reached skill level 5 in Invocations
  5841 | D:6      | Reached XP level 10. HP: 25/75 MP: 17/17
  6005 | D:6      | Reached skill level 5 in Short Blades
  6005 | D:6      | Reached skill level 5 in Long Blades
  6005 | D:6      | Reached skill level 5 in Axes
  6005 | D:6      | Reached skill level 5 in Maces & Flails
  6005 | D:6      | Reached skill level 5 in Polearms
  6005 | D:6      | Reached skill level 5 in Staves
  6005 | D:6      | Reached skill level 5 in Ranged Weapons
  6005 | D:6      | Reached skill level 5 in Throwing
  6005 | D:6      | Reached skill level 5 in Armour
  6005 | D:6      | Reached skill level 5 in Stealth
  6005 | D:6      | Reached skill level 5 in Shields
  6005 | D:6      | Reached skill level 5 in Spellcasting
  6005 | D:6      | Reached skill level 5 in Evocations
  6141 | D:6      | Killed from afar by an acid dragon

Illustrated notes

Levels and vault maps discovered:
D:1:      reono_arrival_mine, layout_rooms, serial_bayou_lagoon_b
D:2:      layout_basic
D:3:      layout_loops_ring
D:4:      layout_cave_pools, mainiacjoe_overflow_cross_hatched,
          trog_butcher_becter, minmay_temple_entry_overgrown, serial_glass,
          glass_columns_c, glass_columns_b
D:5:      layout_loops_corners, kiku_gazebo_pond_becter,
          kennysheep_decorative_pillar, uniq_grinder
D:6:      minmay_bubble_buster, layout_basic, uniq_prince_ribbit1
D:7:      minmay_the_grid_square_5x5_3x3
          [minmay_the_grid_square_5x5_three_small,
          minmay_the_grid_square_5x5_detours,
          minmay_the_grid_square_5x5_two_small,
          minmay_the_grid_square_5x5_shuriken,
          minmay_the_grid_square_5x5_megaprize_open,
          minmay_the_grid_square_5x5_n_small,
          minmay_the_grid_square_5x5_bracketed,
          minmay_the_grid_square_5x5_checkered_statues,
          minmay_the_grid_square_5x5_almost_minimal], layout_cave_pods,
          mainiacjoe_overflow_small_starburst, ashenzari_conservatory_becter,
          serial_shops, shop, nicolae_shop_dragon_depot, grunt_ministairs_8
Temple:   nicolae_temple_figure_eight

Skill      XL: |  1  2  3  4  5  6  7  8  9 10 |
---------------+-------------------------------+-----
Invocations    | 1 2 3 4 5 |  5.5
Short Blades   | 1 2 3 4 5 |  5.0
Long Blades    | 1 2 3 4 5 |  5.0
Axes           | 1 2 3 4 5 |  5.0
Maces & Flails | 1 2 3 4 5 |  5.0
Polearms       | 1 2 3 4 5 |  5.0
Staves         | 1 2 3 4 5 |  5.0
Ranged Weapons | 1 2 3 4 5 |  5.0
Throwing       | 1 2 3 4 5 |  5.0
Armour         | 1 2 3 4 5 |  5.0
Stealth        | 1 2 3 4 5 |  5.0
Shields        | 1 2 3 4 5 |  5.0
Spellcasting   | 1 2 3 4 5 |  5.0
Evocations     | 1 2 3 4 5 |  5.0
Conjurations   | 1 2 3 4 |  4.2
Hexes          | 1 2 3 4 |  4.2
Summonings     | 1 2 3 4 |  4.2
Necromancy     | 1 2 3 4 |  4.2
Translocations | 1 2 3 4 |  4.2
Transmutations | 1 2 3 4 |  4.2
Fire Magic     | 1 2 3 4 |  4.2
Ice Magic      | 1 2 3 4 |  4.2
Air Magic      | 1 2 3 4 |  4.2
Earth Magic    | 1 2 3 4 |  4.2
Poison Magic   | 1 2 3 4 |  4.2
Fighting       | 3 4 5 |  5.7
Dodging        | 5 6 |  6.9
Unarmed Combat | 7 8 |  8.4
Shapeshifting  | 7 |  7.8

Action                     |  1- 3 |  4- 6 |  7- 9 | 10-12 || total
---------------------------+-------+-------+-------+-------++-------
  Melee: Unarmed           |    84 |   150 |   205 |    16 ||   455
         Bite              |     6 |    23 |    28 |     5 ||    62
  Evoke: Wand              |       |       |     5 |       ||     5
 Armour: Animal skin       |    14 |     5 |       |       ||    19
         Ring mail         |       |    20 |    85 |     7 ||   112
  Dodge: Dodged            |    40 |    96 |   174 |    22 ||   332
   Form: Flux              |     1 |       |       |       ||     1

Table legend: (Time is in decaauts)
 A = Elapsed time spent in this place.
 B = Non-inter-level travel time spent in this place.
 C = Inter-level travel time spent in this place.
 D = Time resting spent in this place.
 E = Time spent auto-exploring this place.
 F = Levels seen in this place.
 G = Mean time per level.
                   A        B        C        D        E       F      G
               +--------+--------+--------+--------+--------+-----+--------+
         Total |   6108 |   5596 |    512 |      0 |   4720 |   8 |  763.5 |
       Dungeon |   6106 |   5594 |    512 |      0 |   4720 |   7 |  872.3 |
        Temple |      1 |      1 |      0 |      0 |      0 |   1 |    1.0 |
               +--------+--------+--------+--------+--------+-----+--------+

Top non-repeatable levels by time:
     D:6: 1773 daAuts
     D:3: 1050 daAuts
     D:5: 943 daAuts
     D:2: 896 daAuts
     D:1: 721 daAuts
     D:4: 494 daAuts
     D:7: 226 daAuts
  Temple: 1 daAuts
